Map: Cyber Forest LE

Players

Lambo - Winner!

  • Race: Zerg Zerg
  • League: Master
  • Spawn Location: 11:00

llllllllllll

  • Race: Zerg Zerg
  • Spawn Location: 5:00

VOD

Have the link to the VOD?

Description

Time

  • Played on: Jan. 27, 2019, 12:18 p.m.
  • Length: 7:27
Show
View Real Time Build Order
Export as new Build Order

Lambo Zerg - Winner!

Build Orders: Pool First 

Get SALT Encoding   

  12  0:18  Spawning Pool  
  11  0:23  Drone  
  12  0:29  Drone  
  12  0:32  Drone  
  14  0:42  Overlord  
  14  1:05  Zergling x4  
  14  1:06  Zergling x2  
  17  1:16  Zergling x2  
  18  1:21  Hatchery  
  17  1:27  Zergling x2  
  18  1:36  Queen  
  20  1:40  Drone  
  21  1:48  Overlord  
  21  2:02  Drone  
  22  2:14  Drone  
  23  2:18  Queen  
  23  2:21  Drone  
  26  2:36  Drone  
  28  2:37  Drone  
  28  2:43  Queen  
  30  2:47  Drone  
  30  2:49  Drone x2  
  30  2:50  Drone x2  
  35  2:57  Overlord  
  35  3:04  Queen  
  35  3:07  Drone  
  36  3:18  Drone x2  
  38  3:20  Drone x2  
  40  3:28  Drone x3  
  40  3:31  Extractor, Drone  
  40  3:32  Extractor  
  40  3:33  Overlord  
  41  3:45  Evolution Chamber  
  40  3:48  Evolution Chamber  
  40  3:49  Roach Warren  
  40  3:50  Drone x3  
  42  3:55  Drone  
  42  4:00  Evolution Chamber, Zergling x2  
  42  4:01  Evolution Chamber  
  41  4:04  Evolution Chamber  
  40  4:10  Evolution Chamber  
  40  4:12  Zergling x2  
  40  4:13  Zergling x2  
  40  4:15  Zergling x2  
  40  4:23  Zergling x4  
  45  4:26  Evolution Chamber  
  45  4:30  Evolution Chamber  
  43  4:33  Zergling x4  
  38  4:39  Drone  
  38  4:40  Drone  
  38  4:44  Evolution Chamber  
  40  4:58  Drone  
  40  5:05  Metabolic Boost  
  40  5:13  Drone x3  
  42  5:19  Baneling Nest  
  40  5:33  Zergling x8  
  44  5:40  Zergling x6  
  47  5:43  Zergling x2  
  47  5:46  Zergling x2  
  49  5:55  Zergling x6  
  52  6:16  Baneling  
  52  6:18  Overlord  
  52  6:29  Baneling x10  
  52  6:30  Baneling x3  
  52  6:38  Zergling x14  
  57  6:43  Zergling x4  
  57  6:44  Zergling x2  
  53  6:55  Zergling x8  
  53  6:57  Zergling x2  
  53  7:00  Zergling x2  
  58  7:05  Zergling x4  
Show
View Real Time Build Order
Export as new Build Order

llllllllllll Zerg 

Build Orders: Hatch First 

Get SALT Encoding   

  12  0:01  Drone  
  13  0:13  Overlord  
  13  0:18  Drone  
  14  0:31  Drone x2  
  16  0:50  Hatchery  
  16  0:54  Drone  
  16  0:57  Drone  
  16  1:01  Drone  
  18  1:11  Extractor  
  18  1:16  Spawning Pool  
  16  1:20  Drone  
  16  1:23  Drone  
  18  1:29  Drone  
  19  1:39  Drone  
  20  2:04  Zergling x6  
  20  2:05  Queen  
  25  2:14  Zergling x2  
  25  2:15  Zergling x2  
  26  2:19  Metabolic Boost  
  26  2:27  Zergling x2  
  24  2:43  Drone x2  
  26  2:53  Overlord  
  26  2:56  Zergling x2  
  27  3:05  Zergling x2  
  27  3:06  Overlord  
  27  3:14  Zergling x6  
  27  3:19  Zergling x4  
  32  3:25  Zergling x2  
  32  3:26  Zergling x2  
  34  3:28  Zergling x2  
  35  3:40  Zergling x6  
  38  3:46  Zergling x6  
  41  3:50  Zergling x2  
  41  3:53  Overlord  
  42  4:02  Drone  
  40  4:08  Zergling x2  
  35  4:18  Zergling x4  
  35  4:20  Queen  
  34  4:30  Zergling x4  
  34  4:31  Zergling x6  
  39  4:34  Queen  
  39  4:45  Zergling x4  
  39  4:54  Zergling x8  
  42  5:04  Drone x3  
  42  5:16  Drone x2  
  42  5:25  Drone x2  
  42  5:26  Hatchery  
  43  5:31  Drone x2  
  43  5:34  Drone  
  44  5:37  Drone  
  44  5:38  Drone  
  46  5:43  Extractor  
  46  5:44  Drone x2  
  47  5:52  Evolution Chamber  
  47  5:53  Drone x2  
  47  5:55  Drone  
  49  5:57  Drone  
  49  6:01  Zergling x2  
  51  6:05  Baneling Nest  
  51  6:07  Overlord  
  51  6:11  Zergling x4  
  50  6:18  Zergling x2  
  51  6:29  Zergling x10  
  51  6:30  Evolution Chamber  
  51  6:31  Zergling x2  
  55  6:35  Zergling x2  
  56  6:46  Evolution Chamber  
  47  6:54  Zergling x12  
  47  6:55  Zergling x2  
  47  6:59  Zergling x2  
  53  7:06  Zergling x6  
  53  7:08  Zergling x2  
Tags
 
Add a new tag
Caveats
  • Supply blocks, unpowered buildings, or Contaminate may cause inaccurate times.
  • Supply counts are checked every 10 seconds.